[Event "WYCC 2018 G16"]
[Site "Halkidiki"]
[Date "2018.10.29"]
[Round "10"]
[White "Bogdanic, Katarina"]
[Black "Nemcova, Karin"]
[Result "0-1"]
[ECO "A37"]
[WhiteElo "2014"]
[BlackElo "1888"]
[Annotator "NA"]
[PlyCount "84"]
[EventDate "2018.10.20"]
[EventType "swiss"]
[EventCountry "GRE"]
[SourceTitle "playchess.com"]
[Source "ChessBase"]
[SourceQuality "1"]
[TimeControl "40/5400+30:1800+30"]

1. c4 c5 2. Nf3 Nc6 3. g3 g6 4. Bg2 Bg7 5. Nc3 e5 6. O-O d6 7. Ne1 Be6 8. d3 Nge7 9. Nc2 d5 10. cxd5 Nxd5 11. Ne4 {[%emt 0:08:57] A37: Symmetrical English vs ...g6: 4 Bg2 Bg7 5 Nf3} (11. Ne3 Nde7 12. Nc4 O-O 13. a4 Rb8 14. a5 h6 15. f4 Kh7 16. fxe5 Nxe5 17. Bf4 Bxc4 18. dxc4 Nxc4 19. Bxb8 Qxb8 {½-½ (40) Cyborowski,L (2543)-Istratescu,A (2651) Legnica 2013}) 11... b6 12. Ne3 Nde7 13. Nc4 O-O 14. Bg5 f6 15. Bd2 Qd7 $146 ({Predecessor:} 15... h6 16. a4 {0-1 (38) Miskovsky,P-Jirovsky,P (2335) Prague 1994}) 16. Qc1 Rad8 17. Bh6 Nd4 18. Nc3 b5 19. Bxg7 Kxg7 20. e3 bxc4 21. exd4 cxd4 22. Ne4 Rc8 23. Qd2 cxd3 24. Rfc1 Rxc1+ $19 25. Rxc1 Rc8 26. Nc5 Qd6 27. b4 Bd5 28. Bh3 Rb8 29. Nxd3 Ba8 30. Rc5 Nd5 31. Ra5 a6 32. Nc5 Rxb4 33. Rxa6 Rb1+ 34. Bf1 Qxc5 35. Rxa8 Qc4 36. Ra7+ Kg8 37. Ra8+ Kf7 38. Rf8+ Kxf8 39. Qh6+ Ke8 40. Qh3 Rxf1+ 41. Qxf1 Qxf1+ 42. Kxf1 Nc3 0-1

[Event "WYCC 2018 G16"]
[Site "Halkidiki"]
[Date "2018.10.29"]
[Round "10"]
[White "Zhang, Xiao"]
[Black "Cervantes Landeiro, Thalia"]
[Result "0-1"]
[ECO "D86"]
[WhiteElo "1980"]
[BlackElo "2129"]
[Annotator "NA"]
[PlyCount "74"]
[EventDate "2018.10.20"]
[EventType "swiss"]
[EventCountry "GRE"]
[SourceTitle "playchess.com"]
[Source "ChessBase"]
[SourceQuality "1"]
[TimeControl "40/5400+30:1800+30"]

1. d4 Nf6 2. c4 g6 3. Nc3 d5 4. cxd5 Nxd5 5. e4 Nxc3 6. bxc3 Bg7 7. Bc4 c5 8. Ne2 O-O 9. Be3 Nc6 10. Rc1 Qc7 11. O-O Rd8 12. Qd2 Qa5 13. Qb2 a6 14. Rfd1 b5 15. Bd5 Qc7 16. dxc5 Bb7 17. a4 $11 e6 18. Ba2 Ne5 19. Qb1 Ng4 20. Bf4 Qxc5 21. Bg3 Be5 22. Qb4 Qxb4 23. cxb4 Bxg3 24. hxg3 bxa4 25. Nc3 Bc6 26. Bc4 Rxd1+ 27. Rxd1 Rb8 28. Be2 Nf6 29. Rd4 Bb5 30. Bd1 Rc8 31. Nxa4 e5 32. Rd6 Nxe4 33. Rd5 Rc1 34. Kh2 Nxf2 35. Nb2 e4 36. g4 Rb1 37. Rd2 e3 0-1

[Event "WYCC 2018 G16"]
[Site "Halkidiki"]
[Date "2018.10.29"]
[Round "10"]
[White "Sanskriti Goyal"]
[Black "Makhija, Aashna"]
[Result "1/2-1/2"]
[ECO "E47"]
[WhiteElo "1971"]
[BlackElo "2197"]
[Annotator "NA"]
[PlyCount "86"]
[EventDate "2018.10.20"]
[EventType "swiss"]
[EventCountry "GRE"]
[SourceTitle "playchess.com"]
[Source "ChessBase"]
[SourceQuality "1"]
[TimeControl "40/5400+30:1800+30"]

1. d4 Nf6 2. c4 e6 3. Nc3 Bb4 4. e3 O-O 5. Bd3 c5 6. Nge2 d5 7. cxd5 cxd4 8. exd4 Nxd5 9. a3 Bd6 10. Nxd5 exd5 11. h3 Nc6 12. Be3 Re8 13. O-O Be6 14. Rc1 Rc8 15. Bb1 Qd7 16. Bf4 Na5 $11 17. Qd3 g6 18. Qg3 Bf8 19. Rxc8 Rxc8 20. Nc1 Nc4 21. Nd3 Qb5 22. Re1 Bf5 23. Ne5 Bxb1 24. Nxc4 dxc4 25. Rxb1 c3 26. b4 Qa4 27. Qf3 Qxa3 28. Qxb7 Re8 29. Qc6 Re2 30. b5 Qa2 31. Rf1 c2 32. Qc8 Qa3 33. Bh6 Qd6 34. Rc1 Qe7 35. Bxf8 Qxf8 36. Rxc2 Rxc2 37. Qxc2 Qb4 38. Qc5 Qe1+ 39. Kh2 Qxf2 40. Qxa7 Qf4+ 41. Kg1 Qe3+ 42. Kh1 Qc1+ 43. Kh2 Qf4+ 1/2-1/2

[Event "WYCC 2018 G16"]
[Site "Halkidiki"]
[Date "2018.10.29"]
[Round "10"]
[White "Djidjeli, Sarah"]
[Black "Peycheva, Gergana"]
[Result "0-1"]
[ECO "C06"]
[WhiteElo "1952"]
[BlackElo "2152"]
[Annotator "NA"]
[PlyCount "54"]
[EventDate "2018.10.20"]
[EventType "swiss"]
[EventCountry "GRE"]
[SourceTitle "playchess.com"]
[Source "ChessBase"]
[SourceQuality "1"]
[TimeControl "40/5400+30:1800+30"]

1. e4 e6 2. d4 d5 3. Nd2 Nf6 4. e5 Nfd7 5. Bd3 c5 6. c3 Nc6 7. Ne2 cxd4 8. cxd4 f6 9. exf6 Nxf6 10. O-O Bd6 11. Nf3 Qc7 12. h3 O-O 13. Be3 Bd7 14. Re1 Rae8 15. Rc1 Qb8 16. a3 a6 17. Qd2 Re7 18. Nc3 Nh5 19. Ne5 Bxe5 20. dxe5 d4 21. Bxd4 Nxd4 22. Qg5 Qe8 23. Ne4 Nf4 24. Re3 Nd5 25. Rg3 Nf5 26. Nf6+ Nxf6 27. Bxf5 Nh5 0-1

[Event "WYCC 2018 G16"]
[Site "Halkidiki"]
[Date "2018.10.29"]
[Round "10"]
[White "Shanya Mishra"]
[Black "Serikbay, Assel"]
[Result "0-1"]
[ECO "D15"]
[WhiteElo "1924"]
[BlackElo "2166"]
[Annotator "NA"]
[PlyCount "84"]
[EventDate "2018.10.20"]
[EventType "swiss"]
[EventCountry "GRE"]
[SourceTitle "playchess.com"]
[Source "ChessBase"]
[SourceQuality "1"]
[TimeControl "40/5400+30:1800+30"]

1. d4 d5 2. c4 c6 3. Nf3 Nf6 4. Nc3 a6 5. c5 Nbd7 6. Bf4 Nh5 7. Bd2 Nhf6 8. Bf4 ({Günstiger ist} 8. Rc1 $14) 8... Nh5 9. Bd2 Nhf6 10. h3 $11 {[%emt 0:01:36] LiveBook: 41 Partien} Qc7 11. g3 e5 12. dxe5 Nxe5 13. Nxe5 Qxe5 14. Bf4 Qe6 15. Qd4 Nd7 16. Na4 Be7 17. Bg2 O-O 18. O-O Bf6 19. Qd2 Be5 20. Rfe1 f5 21. Rac1 Rb8 22. b4 Nf6 23. Bxe5 Qxe5 24. f4 Qe7 25. Qd4 Ne4 26. Kh2 h5 27. h4 Rf6 28. Rcd1 Rg6 29. Rd3 Nxg3 30. Rxg3 Qxh4+ 31. Rh3 Qxe1 32. Qe5 h4 33. Rf3 Kh7 34. Bf1 Be6 35. Qxb8 Qxb4 36. Nc3 Qxc5 37. Bg2 d4 38. Nd1 Bd5 39. Qe5 Qc2 40. Qxd4 Qxe2 41. Qf2 Qxd1 42. Qxh4+ Rh6 0-1

[Event "WYCC 2018 G16"]
[Site "Halkidiki"]
[Date "2018.10.29"]
[Round "10"]
[White "Esadze, Tamari"]
[Black "Grigorieva, Yulia"]
[Result "0-1"]
[ECO "C60"]
[WhiteElo "1911"]
[BlackElo "2112"]
[Annotator "NA"]
[PlyCount "66"]
[EventDate "2018.10.20"]
[EventType "swiss"]
[EventCountry "GRE"]
[SourceTitle "playchess.com"]
[Source "ChessBase"]
[SourceQuality "1"]
[TimeControl "40/5400+30:1800+30"]

1. e4 e5 2. Nf3 Nc6 3. Bb5 g6 4. O-O Bg7 5. c3 a6 6. Ba4 d6 7. h3 Bd7 8. d4 b5 9. Bc2 Nf6 10. Re1 O-O 11. a4 $11 Re8 12. Nbd2 exd4 13. Nxd4 Nxd4 14. cxd4 c5 15. d5 c4 16. a5 Qc7 17. Nf3 b4 18. Nd4 Nxd5 19. exd5 Rxe1+ 20. Qxe1 Bxd4 21. Qxb4 Rb8 22. Qa3 Rb5 23. Be4 Rb3 24. Qa2 Qc5 25. Kh1 Bxf2 26. Bf3 Qb4 27. Kh2 h5 28. h4 c3 29. g3 cxb2 30. Rb1 Bxg3+ 31. Kxg3 Qe1+ 32. Kg2 Bh3+ 33. Kh2 Qf2+ 0-1

[Event "WYCC 2018 G16"]
[Site "Halkidiki"]
[Date "2018.10.29"]
[Round "10"]
[White "Xing, Ashley"]
[Black "Salonika, Saina"]
[Result "0-1"]
[ECO "E92"]
[WhiteElo "1889"]
[BlackElo "2093"]
[Annotator "NA"]
[PlyCount "82"]
[EventDate "2018.10.20"]
[EventType "swiss"]
[EventCountry "GRE"]
[SourceTitle "playchess.com"]
[Source "ChessBase"]
[SourceQuality "1"]
[TimeControl "40/5400+30:1800+30"]

1. d4 Nf6 2. c4 g6 3. Nc3 Bg7 4. e4 d6 5. Nf3 O-O 6. Be2 e5 7. d5 a5 8. Bg5 h6 9. Bh4 g5 10. Bg3 Nh5 11. Nd2 Nf4 12. O-O Nd7 13. Bg4 Nc5 14. f3 {[%emt 0:03:40] E93: Königsindisch (Klassisches System)} Ncd3 15. b3 $146 ({Vorgänger:} 15. Qc2 h5 16. Bxc8 Qxc8 17. a3 Bh6 18. Bxf4 Nxf4 19. Rf2 g4 20. Nf1 h4 21. fxg4 Qxg4 {½-½ (54) Roselli Mailhe,B (2439)-Baules,J (2358) Batumi 2018}) 15... c6 16. Bf2 f5 17. Bxf5 Bxf5 18. exf5 Nxf2 19. Rxf2 Nd3 (19... cxd5 $142 20. Nxd5 Nxd5 21. cxd5 e4 22. fxe4 Bd4) 20. Re2 Qb6+ 21. Kf1 Nf4 22. Rf2 cxd5 23. Nxd5 Nxd5 24. cxd5 e4 25. fxe4 Bxa1 26. Qxa1 a4 $11 27. Qd1 axb3 28. Nxb3 Qe3 29. Qh5 Qd3+ 30. Kg1 Rf6 31. h4 Qxe4 32. hxg5 Qe1+ 33. Kh2 Qxf2 34. gxf6 Qf4+ 35. Kh3 Qg5 36. Qg6+ Qxg6 37. fxg6 Rf8 38. f7+ Kg7 39. Na5 Kxg6 40. Nxb7 Rxf7 41. Nxd6 Rd7 0-1

[Event "WYCC 2018 G16"]
[Site "Halkidiki"]
[Date "2018.10.29"]
[Round "10"]
[White "Skaslien, Ingrid"]
[Black "Nayberg, Simona"]
[Result "1-0"]
[ECO "D45"]
[WhiteElo "1885"]
[BlackElo "1857"]
[Annotator "NA"]
[PlyCount "143"]
[EventDate "2018.10.20"]
[EventType "swiss"]
[EventCountry "GRE"]
[SourceTitle "playchess.com"]
[Source "ChessBase"]
[SourceQuality "1"]
[TimeControl "40/5400+30:1800+30"]

1. d4 d5 2. c4 e6 3. Nc3 c6 4. e3 Nf6 5. Nf3 Nbd7 6. Qc2 Bd6 7. b3 O-O 8. Be2 dxc4 9. bxc4 e5 10. O-O Re8 11. Re1 b6 12. Bb2 Bb7 13. Rad1 Qc7 14. Nd2 exd4 15. exd4 Bxh2+ 16. Kh1 Bd6 17. Bf3 Rxe1+ 18. Rxe1 Re8 19. Rxe8+ Nxe8 20. Qf5 Ndf6 21. d5 Bc8 22. Qd3 Qe7 23. Nce4 cxd5 24. Nxd6 Nxd6 25. Bxf6 Qxf6 26. cxd5 Bf5 27. Qa3 Nb5 28. Qa4 Nd6 29. Qxa7 Qa1+ 30. Kh2 Qe5+ 31. g3 g5 32. Qxb6 Bg6 33. Qe3 Qf5 34. g4 Qf6 35. Kg2 Qd8 36. Qe5 f6 37. Qd4 Qe7 38. Qe3 Qd7 39. Qe6+ Qxe6 40. dxe6 Kf8 41. Bd5 Ke7 42. Kf3 f5 43. Nc4 Nb5 44. Ne5 Nd4+ 45. Ke3 Nc2+ 46. Kd2 Nb4 47. Nxg6+ hxg6 48. Bb3 Kd6 49. Ke3 Nc6 50. gxf5 gxf5 51. Ba4 Ne7 52. Bd7 Ke5 53. a4 f4+ 54. Kf3 Kf5 55. a5 g4+ 56. Ke2 Nd5 57. a6 Kf6 58. a7 Nc7 59. Kd3 g3 60. fxg3 fxg3 61. Ke2 Ke7 62. Kf3 Kd6 63. Kxg3 Na8 64. Kf4 Kc7 65. Ke5 Nb6 66. Ke4 Kd6 67. Kd4 Na8 68. Kc4 Kc7 69. Kc5 Nb6 70. Kb5 Na8 71. Ka6 Nb6 72. e7 1-0

[Event "WYCC 2018 G16"]
[Site "Halkidiki"]
[Date "2018.10.29"]
[Round "10"]
[White "Tejasvi M"]
[Black "Akti, Ezgi"]
[Result "1/2-1/2"]
[ECO "C50"]
[WhiteElo "1869"]
[BlackElo "1643"]
[Annotator "NA"]
[PlyCount "51"]
[EventDate "2018.10.20"]
[EventType "swiss"]
[EventCountry "GRE"]
[SourceTitle "playchess.com"]
[Source "ChessBase"]
[SourceQuality "1"]
[TimeControl "40/5400+30:1800+30"]

1. e4 e5 2. Nf3 Nc6 3. Bc4 Be7 4. c3 Nf6 5. d3 d6 6. Bb3 O-O 7. Nbd2 Na5 8. Bc2 c5 9. Nf1 Nc6 10. Ng3 h6 11. O-O Re8 12. h3 Bf8 13. d4 exd4 14. cxd4 cxd4 15. Nxd4 d5 16. exd5 Qxd5 17. Nxc6 Qxc6 18. Be3 Be6 19. Ba4 b5 20. Rc1 Qb7 21. Bb3 Red8 22. Qe2 Bxb3 23. axb3 a6 24. Rcd1 Rxd1 25. Rxd1 Qe7 26. Qf3 1/2-1/2

[Event "WYCC 2018 G16"]
[Site "Halkidiki"]
[Date "2018.10.29"]
[Round "10"]
[White "Puppi Lazo, Stephanie Beatriz"]
[Black "Urh, Zala"]
[Result "0-1"]
[ECO "C45"]
[WhiteElo "1847"]
[BlackElo "2066"]
[Annotator "NA"]
[PlyCount "100"]
[EventDate "2018.10.20"]
[EventType "swiss"]
[EventCountry "GRE"]
[SourceTitle "playchess.com"]
[Source "ChessBase"]
[SourceQuality "1"]
[TimeControl "40/5400+30:1800+30"]

1. e4 e5 2. Nf3 Nc6 3. d4 exd4 4. Nxd4 Bc5 5. Nb3 Bb6 6. Nc3 Nf6 7. Bg5 h6 8. Bh4 O-O {[%emt 0:07:21] C45: Scotch Game} 9. Qe2 a5 10. a4 Nd4 11. Qd3 Nxb3 12. cxb3 c6 13. O-O-O d5 {[%emt 0:01:39] [#]} 14. e5 $146 ({Predecessor:} 14. exd5 cxd5 15. Bxf6 Qxf6 16. Nxd5 Qxf2 {½-½ (72) Vitiugov,N (2730)-Oparin,G (2609) Linares 2018}) 14... g5 15. exf6 gxh4 16. Qf3 Qd6 17. g3 Bd8 18. Rd4 Qxf6 19. Rf4 Qe5 20. gxh4 Be6 21. Bd3 Kh8 $15 22. Kd2 d4 23. Ne4 f5 24. Ng3 Bd5 25. Be4 Bc7 26. Rxf5 Rxf5 27. Qxf5 Qxf5 28. Bxf5 Bxh1 29. Nxh1 Bxh2 30. Kd3 c5 31. h5 b6 32. f3 Re8 33. Be4 Re5 34. Nf2 Rxh5 35. Ng4 Kg7 36. Kc4 Bc7 37. Kb5 Rg5 38. Kc6 Bg3 39. Kxb6 h5 40. Kxa5 hxg4 41. fxg4 Rxg4 42. Bd3 Bc7+ 43. Kb5 Rg3 44. Kc4 Kf6 45. b4 cxb4 46. Kxd4 Be5+ 47. Kc4 Bxb2 48. a5 Ke5 49. a6 Bd4 50. Bb1 b3 {[%emt 0:00:23] Kxd4+} 0-1

[Event "WYCC 2018 G16"]
[Site "Halkidiki"]
[Date "2018.10.29"]
[Round "10"]
[White "Zhang, Cindy"]
[Black "Hajiyeva, Laman"]
[Result "0-1"]
[ECO "D00"]
[WhiteElo "1790"]
[BlackElo "1916"]
[Annotator "NA"]
[PlyCount "114"]
[EventDate "2018.10.20"]
[EventType "swiss"]
[EventCountry "GRE"]
[SourceTitle "playchess.com"]
[Source "ChessBase"]
[SourceQuality "1"]
[TimeControl "40/5400+30:1800+30"]

1. d4 d5 2. Bf4 Nf6 3. e3 c5 4. Nc3 e6 5. Nb5 Na6 6. Nf3 c4 7. a4 Bd7 8. Be2 Qa5+ 9. c3 Bxb5 10. axb5 Qxb5 11. Nd2 $14 ({Better is} 11. O-O $16) 11... Qb6 12. Qa4+ Nd7 13. b3 cxb3 14. Bb5 Rd8 15. Nxb3 Nc7 16. Bxd7+ Rxd7 17. O-O Nb5 18. Rfc1 Be7 19. Nc5 Bxc5 20. dxc5 Qc6 21. Rcb1 a6 22. Rxb5 axb5 23. Qb4 O-O 24. Ra5 f6 25. Bd6 b6 26. Ra6 Ra8 27. Qa3 Rdd8 28. h3 bxc5 29. Rxa8 Rxa8 30. Qxc5 Qxc5 31. Bxc5 e5 32. g3 Kf7 33. Kg2 Rc8 34. Bb4 Rc4 35. Ba5 Ra4 36. Bb4 d4 37. exd4 exd4 38. Kf1 d3 39. Ke1 Ra2 40. Bc5 Ke6 41. h4 Kd5 42. Bf8 g6 43. Bg7 f5 44. Bf6 Kc4 45. Bg7 Kb3 46. Kd1 Rxf2 47. Bd4 Rg2 48. Be5 b4 49. cxb4 Kxb4 50. Bd6+ Kc4 51. Be5 Kd5 52. Bc7 Ke4 53. Bd6 Kf3 54. Ke1 d2+ 55. Kd1 Ke3 56. Bc5+ Kd3 57. h5 Re2 0-1

[Event "WYCC 2018 G16"]
[Site "Halkidiki"]
[Date "2018.10.29"]
[Round "10"]
[White "Sabiani, Chjara"]
[Black "Moerwald, Magdalena"]
[Result "1-0"]
[ECO "A67"]
[WhiteElo "1778"]
[BlackElo "1875"]
[Annotator "NA"]
[PlyCount "77"]
[EventDate "2018.10.20"]
[EventType "swiss"]
[EventCountry "GRE"]
[SourceTitle "playchess.com"]
[Source "ChessBase"]
[SourceQuality "1"]
[TimeControl "40/5400+30:1800+30"]

1. d4 Nf6 2. c4 c5 3. d5 e6 4. Nc3 exd5 5. cxd5 d6 6. e4 g6 7. f4 Bg7 8. Bb5+ Nfd7 9. a4 O-O 10. Nf3 Na6 11. O-O Re8 12. Re1 Nc7 13. Bd3 a6 14. Be3 Rb8 15. Bf2 b5 16. Bh4 Bf6 17. Bxf6 Qxf6 18. Qd2 b4 19. Nd1 a5 20. Rc1 Ba6 21. Bxa6 Nxa6 22. b3 Rbc8 23. Nb2 Nb6 24. Nc4 Nxc4 25. Rxc4 Nc7 26. e5 Qd8 27. Rce4 Qd7 28. e6 fxe6 29. dxe6 Qe7 30. Ng5 d5 31. R4e3 h6 32. Nf7 h5 33. f5 Qf6 34. Rg3 Qd4+ 35. Qxd4 cxd4 36. Rxg6+ Kf8 37. Nd6 Na6 38. Nxc8 Rxc8 39. e7+ 1-0

[Event "WYCC 2018 G16"]
[Site "Halkidiki"]
[Date "2018.10.29"]
[Round "10"]
[White "Leonova, Ameliya"]
[Black "Kvendseth, Thyra"]
[Result "1/2-1/2"]
[ECO "A45"]
[WhiteElo "1736"]
[BlackElo "1854"]
[Annotator "NA"]
[PlyCount "115"]
[EventDate "2018.10.20"]
[EventType "swiss"]
[EventCountry "GRE"]
[SourceTitle "playchess.com"]
[Source "ChessBase"]
[SourceQuality "1"]
[TimeControl "40/5400+30:1800+30"]

1. d4 Nf6 2. g3 g6 3. Bg2 Bg7 4. e4 d6 5. Ne2 O-O 6. O-O Nbd7 7. Nbc3 e5 8. h3 c6 9. a4 a5 10. Be3 Qe7 11. Qd2 exd4 12. Bxd4 Nc5 13. f3 Ne6 14. Be3 Nc7 15. Bg5 d5 16. exd5 Ncxd5 17. Nxd5 Qc5+ 18. Be3 Qxd5 19. Rad1 Re8 20. Nc3 Qe5 21. Rfe1 Be6 22. Kh2 Qc7 23. Qf2 Nd7 24. Bd4 f6 25. Ne4 Bf5 26. Nc5 Ne5 27. f4 Nd7 28. Nxd7 Bxd7 29. Bb6 Qc8 30. Rxe8+ Qxe8 31. Re1 Qf7 32. Qc5 Bf8 33. Qd4 Bf5 34. Bf1 Kg7 35. Bc4 Qd7 36. Qxd7+ Bxd7 37. Rd1 Bf5 38. c3 Be7 39. g4 Bc2 40. Rd7 Kf8 41. b3 Rb8 42. Kg3 h6 43. Bxa5 b5 44. axb5 cxb5 45. Bd3 Bxb3 46. Bxg6 Be6 47. Rd2 Ra8 48. Bb4 Bxb4 49. cxb4 Ra3+ 50. Rd3 Ra4 51. Re3 Bd5 52. Re8+ Kg7 53. f5 Rxb4 54. Re7+ Kf8 55. Re8+ Kg7 56. Re7+ Kf8 57. Re8+ Kg7 58. Re7+ 1/2-1/2

[Event "WYCC 2018 G16"]
[Site "Halkidiki"]
[Date "2018.10.29"]
[Round "10"]
[White "Sanabria Taskila, Jenny Maria"]
[Black "Bulatova, Kamaliya"]
[Result "0-1"]
[ECO "B94"]
[WhiteElo "1728"]
[BlackElo "2108"]
[Annotator "NA"]
[PlyCount "80"]
[EventDate "2018.10.20"]
[EventType "swiss"]
[EventCountry "GRE"]
[SourceTitle "playchess.com"]
[Source "ChessBase"]
[SourceQuality "1"]
[TimeControl "40/5400+30:1800+30"]

1. e4 c5 2. Nf3 d6 3. d4 cxd4 4. Nxd4 Nf6 5. Nc3 a6 6. Bg5 Nbd7 7. Bc4 h6 8. Bxf6 Nxf6 9. Qe2 e5 10. Nf3 b5 11. Bb3 Bb7 12. O-O-O Qb6 13. Nh4 Rc8 14. f4 Rxc3 15. bxc3 Qa5 16. Bd5 Qxc3 17. Qd3 Nxd5 18. exd5 Qa1+ 19. Kd2 Qxa2 20. fxe5 dxe5 21. d6 Qa4 22. Nf3 Qf4+ 23. Kc3 e4 24. d7+ Kd8 25. Qd4 Qc7+ 26. Kb2 f6 27. Nh4 Bc5 28. Qc3 Bd6 29. Qxc7+ Kxc7 30. Nf5 Be5+ 31. Ka3 Bc6 32. d8=Q+ Rxd8 33. Rxd8 Kxd8 34. Rd1+ Kc7 35. Nxg7 Bd7 36. h3 f5 37. Nh5 Be8 38. g4 Bxh5 39. gxh5 e3 40. Kb3 Bg3 0-1

[Event "WYCC 2018 G16"]
[Site "Halkidiki"]
[Date "2018.10.29"]
[Round "10"]
[White "Plaza Reino, Mercedes"]
[Black "Aubert, Estee"]
[Result "0-1"]
[ECO "E68"]
[WhiteElo "1727"]
[BlackElo "2064"]
[Annotator "NA"]
[PlyCount "96"]
[EventDate "2018.10.20"]
[EventType "swiss"]
[EventCountry "GRE"]
[SourceTitle "playchess.com"]
[Source "ChessBase"]
[SourceQuality "1"]
[TimeControl "40/5400+30:1800+30"]

1. d4 Nf6 2. c4 g6 3. Nc3 Bg7 4. Nf3 d6 5. g3 O-O 6. Bg2 Nbd7 7. O-O e5 8. e4 exd4 9. Nxd4 Re8 10. Re1 Ng4 11. Qxg4 Bxd4 12. Qd1 Bg7 13. Be3 Ne5 14. Bd4 Bg4 15. f3 Bxf3 16. Bxf3 Nxf3+ 17. Qxf3 Bxd4+ 18. Kg2 c6 19. Rf1 Qe7 20. Rae1 Rad8 21. b3 Rd7 22. Ne2 Bg7 23. Nf4 Qe5 24. Re3 Rde7 25. Rfe1 Qc5 26. h4 Qa5 27. R1e2 Bd4 28. Rd3 Qc5 29. Rd1 Bg7 30. h5 g5 31. Nd3 Qa5 32. Nf2 Re6 33. Ng4 h6 34. Rf2 R8e7 35. Ne3 Rf6 36. Nf5 Ree6 37. Rdf1 Qe5 38. Re2 d5 39. cxd5 cxd5 40. Rc2 dxe4 41. Rc8+ Kh7 42. Qd1 Rxf5 43. Qd8 Qb2+ 44. Kh3 g4+ 45. Kxg4 Rg5+ 46. Kh3 Rxh5+ 47. Kg4 Qe2+ 48. Kf4 Be5# 0-1

[Event "WYCC 2018 G16"]
[Site "Halkidiki"]
[Date "2018.10.29"]
[Round "10"]
[White "Golsta, Ramona"]
[Black "Gombocz, Zsofia"]
[Result "1/2-1/2"]
[ECO "C54"]
[WhiteElo "1681"]
[BlackElo "2038"]
[Annotator "NA"]
[PlyCount "124"]
[EventDate "2018.10.20"]
[EventType "swiss"]
[EventCountry "GRE"]
[SourceTitle "playchess.com"]
[Source "ChessBase"]
[SourceQuality "1"]
[TimeControl "40/5400+30:1800+30"]

1. e4 e5 2. Nf3 Nc6 3. Bc4 Bc5 4. c3 Nf6 5. d4 exd4 6. e5 d5 7. Be2 Ne4 8. cxd4 Bb6 9. O-O O-O 10. Nc3 Bf5 11. Be3 f6 12. exf6 $14 Nxc3 13. bxc3 Qxf6 14. Qb3 Qd6 15. Rfe1 Rae8 16. Bb5 Na5 17. Qb4 Re6 18. Ne5 a6 19. Bd7 Re7 20. Ba4 Qf6 21. Nf3 h6 22. Ne5 Nc6 23. Bxc6 bxc6 24. Qa4 c5 25. Qxa6 cxd4 26. cxd4 Qh4 27. Qb5 Be4 28. f3 Rf6 29. fxe4 Qxe4 30. Qb1 Rxe5 31. dxe5 Bxe3+ 32. Kh1 Qxe5 33. Qb3 Re6 34. a4 c5 35. Rad1 c4 36. Qb5 c3 37. Qxd5 c2 38. Qxe5 Rxe5 39. Rd8+ Kf7 40. Rc8 Bc5 41. Rf1+ Kg6 42. g3 Rd5 43. Kg2 Rd2+ 44. Kh3 Ba3 45. Rc6+ Kh7 46. Rc7 Rd1 47. Rff7 c1=Q 48. Rxg7+ Kh8 49. Rxc1 Rxc1 50. Rb7 Rc4 51. a5 Ra4 52. Rb6 Kg7 53. a6 Bc5 54. Rc6 Bd4 55. Kg4 Bg1+ 56. Kf5 Ra5+ 57. Kg4 Bxh2 58. Rc7+ Kg6 59. a7 Bg1 60. Rc6+ Kg7 61. Rc7+ Kg6 62. Rc6+ Kg7 1/2-1/2

[Event "WYCC 2018 G16"]
[Site "Halkidiki"]
[Date "2018.10.29"]
[Round "10"]
[White "Simkunaite, Gabija"]
[Black "Hercog, Nusa"]
[Result "0-1"]
[ECO "B22"]
[WhiteElo "1650"]
[BlackElo "2017"]
[Annotator "NA"]
[PlyCount "102"]
[EventDate "2018.10.20"]
[EventType "swiss"]
[EventCountry "GRE"]
[SourceTitle "playchess.com"]
[Source "ChessBase"]
[SourceQuality "1"]
[TimeControl "40/5400+30:1800+30"]

1. e4 c5 2. c3 Nf6 3. e5 Nd5 4. d4 cxd4 5. Nf3 Nc6 6. cxd4 d6 7. Bc4 e6 8. O-O Be7 9. Bd2 O-O 10. Nc3 dxe5 11. dxe5 Nxc3 12. Bxc3 Qc7 13. Qe2 b6 $11 14. Rac1 Bb7 15. Bd2 Rfd8 16. Bb5 Rac8 17. Rfd1 Qb8 18. a3 Nd4 19. Nxd4 Rxd4 20. Bc3 Rxd1+ 21. Rxd1 Bxa3 22. Rd7 Rc7 23. Rd3 Bf8 24. Rh3 g6 25. Qg4 Qd8 26. Rd3 Bd5 27. Bc4 Rd7 28. Bb5 Bc6 29. Rxd7 Qxd7 30. Bxc6 Qxc6 31. h3 Qd5 32. Qa4 a5 33. Kh2 Bc5 34. Qf4 Qd3 35. Qh4 Kg7 36. Qf6+ Kg8 37. Qh4 Qd5 38. Qf4 Qd8 39. Be1 b5 40. Qc1 Bb6 41. Qc6 b4 42. Qc2 Qd4 43. Qe2 Bc7 44. f4 Qxf4+ 45. Bg3 Qd4 46. h4 Bb6 47. Qf1 Qxb2 48. Qb5 Qd4 49. Qe8+ Kg7 50. Qe7 Bd8 51. Qb7 Bxh4 0-1

[Event "WYCC 2018 G16"]
[Site "Halkidiki"]
[Date "2018.10.29"]
[Round "10"]
[White "Ortega Beltran, Ximena"]
[Black "Kobald, Jacqueline"]
[Result "0-1"]
[ECO "B49"]
[WhiteElo "1628"]
[BlackElo "1911"]
[Annotator "NA"]
[PlyCount "98"]
[EventDate "2018.10.20"]
[EventType "swiss"]
[EventCountry "GRE"]
[SourceTitle "playchess.com"]
[Source "ChessBase"]
[SourceQuality "1"]
[TimeControl "40/5400+30:1800+30"]

1. e4 c5 2. Nf3 e6 3. d4 cxd4 4. Nxd4 Nc6 5. Nc3 Qc7 6. Be3 a6 7. Be2 Nf6 8. O-O Bb4 9. Nxc6 bxc6 10. Na4 Be7 11. Nb6 Rb8 12. Nxc8 Qxc8 13. Bd4 c5 14. Be5 Rb6 15. f4 d6 16. Bc3 O-O 17. Qd3 d5 18. e5 Ne4 19. Qf3 f5 20. b3 Qc6 21. Be1 c4 22. Kh1 cxb3 23. cxb3 Ba3 24. Ba5 Rbb8 25. Bd3 Qc5 26. Be1 a5 27. g4 a4 28. Rb1 axb3 29. Rxb3 Rxb3 30. axb3 Rb8 31. gxf5 exf5 32. Bb1 Qb5 33. Bc2 Rc8 34. Bd3 Qb7 35. Rg1 Bc5 36. Rg2 Bd4 37. Qh5 Qf7 38. Qd1 Be3 39. Qf3 Qa7 40. Bxe4 dxe4 41. Qg3 Rc1 42. Re2 Bb6 43. Kg2 Qa1 44. Qh4 Qa8 45. Qe7 Qc8 46. Bb4 Rc2 47. Rxc2 Qxc2+ 48. Kh3 Qd3+ 49. Kh4 Bd8 0-1

[Event "WYCC 2018 G16"]
[Site "Halkidiki"]
[Date "2018.10.29"]
[Round "10"]
[White "Bania, Eleni"]
[Black "Sosa Suarez, Carla Cristina"]
[Result "0-1"]
[ECO "C02"]
[WhiteElo "1454"]
[BlackElo "2025"]
[Annotator "NA"]
[PlyCount "70"]
[EventDate "2018.10.20"]
[EventType "swiss"]
[EventCountry "GRE"]
[SourceTitle "playchess.com"]
[Source "ChessBase"]
[SourceQuality "1"]
[TimeControl "40/5400+30:1800+30"]

1. e4 e6 2. d4 d5 3. e5 c5 4. c3 Nc6 5. Nf3 Bd7 6. Be2 f6 7. Na3 cxd4 8. cxd4 a6 9. O-O fxe5 10. Nxe5 Bd6 11. Bf4 Qf6 12. Nxc6 Qxf4 13. g3 Qf6 14. Na5 b6 15. Nb3 Ne7 16. Nc2 O-O 17. Ne3 g6 18. Ng4 Qg7 19. a4 a5 20. f4 Nf5 21. Rf2 Bb4 22. Ne5 Rac8 23. Qd3 Nd6 24. Nd2 Bxd2 25. Qxd2 Ne4 26. Qd3 Nxf2 27. Kxf2 g5 28. Bf3 Rc7 29. h4 gxh4 30. gxh4 Kh8 31. Rg1 Qf6 32. Rg4 Bxa4 33. b3 Be8 34. Qa6 Bh5 35. Qxb6 Rc2+ 0-1

[Event "WYCC 2018 G16"]
[Site "Halkidiki"]
[Date "2018.10.29"]
[Round "10"]
[White "Michielsen, Lies"]
[Black "Hoesley, Aria"]
[Result "0-1"]
[ECO "A80"]
[WhiteElo "1398"]
[BlackElo "1831"]
[Annotator "NA"]
[PlyCount "90"]
[EventDate "2018.10.20"]
[EventType "swiss"]
[EventCountry "GRE"]
[SourceTitle "playchess.com"]
[Source "ChessBase"]
[SourceQuality "1"]
[TimeControl "40/5400+30:1800+30"]

1. d4 f5 2. Nf3 Nf6 3. c4 e6 4. e3 Be7 5. Nc3 O-O 6. Be2 b6 7. O-O Bb7 8. b3 d5 9. Bb2 Na6 10. cxd5 exd5 11. Qc2 Ne4 12. Nxd5 Bd6 13. Nc3 Nb4 14. Bc4+ Kh8 15. Qe2 a6 16. Rac1 b5 17. Be6 Ng5 18. Nxg5 Qxg5 19. f4 Qg6 20. d5 c6 21. Rfd1 cxd5 22. Bxd5 Nxd5 23. Nxd5 Rad8 24. Rd2 Rde8 25. Qf2 Bb8 26. Re1 a5 27. Bc3 b4 28. Bb2 Qe6 29. Red1 h6 30. a3 Ba7 31. Qg3 Rf7 32. Kf2 bxa3 33. Bxa3 Bxd5 34. Rxd5 Bxe3+ 35. Kf1 Qa6+ 36. R1d3 Re6 37. b4 axb4 38. Bxb4 Rb7 39. Bc3 Rb1+ 40. Be1 Bd2 41. Rd8+ Kh7 42. R8d7 Rbxe1+ 43. Kf2 R1e2+ 44. Kf3 Qc6+ 45. R3d5 R6e3# 0-1